 Dungeon Crawl Stone Soup version 0.31-a0-1549-g5ff9445e89 (webtiles) character file.

Game seed: 12505256830247305629

493 Aldia the Trooper (level 7, -1/72 HPs)
             Began as an Oni Warper on Jan 2, 2024.
             Was a Follower of Okawaru.
             Slain by an ice beast (2 damage)
             ... on level 5 of the Dungeon.
             The game lasted 00:04:30 (4099 turns).

Aldia the Trooper (Oni Warper)                      Turns: 4099, Time: 00:04:30

Health: -1/72      AC:  3    Str: 18    XL:     7   Next: 15%
Magic:  10/10      EV:  9    Int: 20    God:    Okawaru [*.....]
Gold:   219        SH:  0    Dex:  8    Spells: 2/11 levels left

rFire   . . .        m - +2 hand axe (elec)
rCold   . . .        (no shield)
rNeg    + . .        b - +0 robe
rPois   .            (helmet restricted)
rElec   .            (no cloak)
rCorr   .            (gloves unavailable)
SInv    .            (boots unavailable)
Will    .....        (no amulet)
Stlth   +            l - ring of positive energy
HPRegen 0.32/turn    B - +6 ring of intelligence
MPRegen 0.12/turn

%: no passive effects
@: no status effects
A: large, unfitting armour, horns 1, tough skin 1, double potion healing,
drunken brawling
a: Renounce Religion, Heroism


You were on level 5 of the Dungeon.
You worshipped Okawaru.
Okawaru was aware of your devotion.
You visited 2 branches of the dungeon, and saw 6 of its levels.

You collected 219 gold pieces.

Inventory:

Hand Weapons
 a - a +0 mace
 m - a +2 hand axe of electrocution (weapon)
 w - a +0 flail
 x - a +0 flail
 A - a +0 giant spiked club
Missiles
 d - 7 darts of dispersal (quivered)
 j - 6 poisoned darts
Armour
 b - a +0 robe (worn)
 t - an orb of wrath
Jewellery
 l - a ring of positive energy (left hand)
 u - a ring of positive energy
 B - a +6 ring of intelligence (right hand)
Wands
 C - a wand of flame (17)
Scrolls
 c - a scroll of blinking
 g - a scroll of vulnerability {unknown}
 i - 6 scrolls of identify {unknown}
 k - a scroll of teleportation {unknown}
 o - a scroll of enchant weapon {unknown}
 p - 2 scrolls of acquirement {unknown}
 r - a scroll of fear {unknown}
 s - 2 scrolls of amnesia {unknown}
 v - a scroll of poison {unknown}
 y - 2 scrolls of immolation {unknown}
Potions
 e - a potion of invisibility
 f - a potion of mutation {unknown}
 h - 2 potions of brilliance {unknown}
 n - a potion of magic {unknown}
 q - a potion of heal wounds {unknown}
 z - 2 potions of might {unknown}
 D - a potion of haste {unknown}


   Skills:
 + Level 5.3 Fighting
 * Level 4.4(4.9) Axes
 - Level 2.8(4.1) Maces & Flails
 - Level 1.0 Throwing
 - Level 2.1 Dodging
 - Level 2.5 Spellcasting
 + Level 4.2 Translocations


You had 2 spell levels left.
You knew the following spells:

 Your Spells              Type           Power      Damage    Failure   Level
a - Blink                 Tloc           38%        N/A       4%          2
b - Teleport Other        Tloc           19%        N/A       8%          3
c - Manifold Assault      Tloc           19%        N/A       26%         4

Your spell library contained the following spells:

 Spells                   Type           Power      Damage    Failure   Level
 Lesser Beckoning         Tloc           38%        N/A       4%          2
 Shock                    Conj/Air       8%         1d3       16%         1
 Ensorcelled Hibernation  Hex/Ice        4%         N/A       22%         2
 Gell's Gravitas          Tloc           19%        N/A       8%          3
 Inner Flame              Hex/Fire       2%         N/A       41%         3
 Passwall                 Erth           2%         N/A       41%         3
 Swiftness                Air            2%         N/A       41%         3
 Vhi's Electric Charge    Tloc/Air       22%        N/A       52%         4
 Airstrike                Air            1%         2d(1-17)  83%         4
 Leda's Liquefaction      Alch/Erth      1%         N/A       83%         4
 Irradiate                Conj/Alch      1%         3d12      99%         5
 Lee's Rapid Deconstruct  Erth           1%         3d4*      99%         5
 Bombard                  Conj/Erth      1%         9d1       100%        6
 Ignition                 Fire           1%         3d3       100%        8


Dungeon Overview and Level Annotations

Branches:
Dungeon (5/15)             Temple (1/1) D:4

Altars:
Ashenzari
Dithmenos
Elyvilon
Fedhas
Gozag
Kikubaaqudgha
Nemelex Xobeh
Okawaru
Qazlal
Trog
Vehumet
Wu Jian
Xom
Zin
The Shining One

Annotations:
D:4 3 runed translucent doors, Likado's ghost, amateur GnSu
D:5 Ijyb


Innate Abilities, Weirdness & Mutations

You are too large for most types of armour.
You have a pair of small horns on your head.
You have tough skin. (AC +1)
You gain doubled healing and magic from potions.
Whenever you drink a healing potion, you attack all around you.


Message History

Ijyb is lightly wounded.
Ijyb hits you with a +4 spectral club! The +4 spectral club hits you!
Ijyb hits you with a +4 spectral club. The +4 spectral club hits you.
A +4 spectral club comes into view.
You slash Ijyb!
Ijyb is heavily wounded.
You closely miss the +4 spectral club. Ijyb hits you with a +4 spectral club.
The +4 spectral club hits you!
You completely miss Ijyb.
Ijyb is heavily wounded.
You miss the +4 spectral club. Ijyb hits you with a +4 spectral club!
The +4 spectral club hits you.
You are too injured to fight recklessly!
You are too injured to fight recklessly!
You closely miss Ijyb. Your headbutt misses Ijyb. Your punch misses Ijyb.
Ijyb is heavily wounded.
You hit the ice beast but do no damage. You closely miss the +4 spectral club.
The ice beast misses you.
Ijyb zaps a wand.
The puff of flame hits you.
You hit Ijyb but do no damage.
Ijyb is heavily wounded.
You miss the +4 spectral club. You barely miss the ice beast.
The ice beast closely misses you.
The +4 spectral club disappears.
Ijyb zaps a wand.
The puff of flame misses you.
Unknown command.
You closely miss Ijyb. You headbutt Ijyb.
Ijyb is severely wounded.
You hit the ice beast.
A scorpion comes into view.
The ice beast hits you. The ice beast freezes you!
* * * LOW HITPOINT WARNING * * *
Ijyb hits you with a +4 spectral club.
* * * LOW HITPOINT WARNING * * *
The +4 spectral club hits you!
* * * LOW HITPOINT WARNING * * *
A +4 spectral club comes into view.
You barely miss Ijyb.
Ijyb is severely wounded.
You closely miss the ice beast. You closely miss the +4 spectral club.
The ice beast hits you.
You die...

.s. #..# # ...#
..# ... ....#..##
........###
#....gY..##
#..(@...####
.....###......####
### ##....#..<.###
#..#............#
#...........†..##
...............##
##..#..........#
##............#
###.$....<...#


You could see an ice beast, a +4 spectral club, Ijyb and a scorpion (wandering).

Vanquished Creatures
  An ogre (D:4)
  2 scorpions
  A bombardier beetle (D:4)
  2 hounds (D:4)
  A jelly (D:4)
  2 orc wizards
  3 adders
  A white imp (D:4)
  2 dart slugs (D:3)
  A ribbon worm (D:3)
  8 orcs
  7 ball pythons
  5 bats
  9 endoplasms
  A giant cockroach (D:1)
  8 hobgoblins
  4 quokkas
  7 frilled lizards
  8 goblins
  6 kobolds
  8 rats
87 creatures vanquished.

Notes
Turn   | Place    | Note
-------+----------+-------------------------------------------
     0 | D:1      | Aldia the Oni Warper began the quest for the Orb.
     0 | D:1      | Reached XP level 1. HP: 22/22 MP: 3/3
   125 | D:1      | Reached XP level 2. HP: 29/29 MP: 5/5
   129 | D:1      | Reached skill level 3 in Fighting
   452 | D:1      | Reached XP level 3. HP: 37/37 MP: 6/6
   471 | D:1      | Learned a level 2 spell: Blink
  1447 | D:3      | Reached skill level 1 in Axes
  1464 | D:3      | Reached XP level 4. HP: 3/45 MP: 7/7
  1644 | D:3      | Found an iron altar of Okawaru.
  2180 | D:3      | Found an opulent altar of Gozag.
  2209 | D:3      | Reached XP level 5. HP: 47/54 MP: 8/8
  2280 | D:3      | Reached skill level 4 in Fighting
  2512 | D:3      | Became a worshipper of Warmaster Okawaru
  2572 | D:4      | Learned a level 3 spell: Teleport Other
  2577 | D:4      | Learned a level 4 spell: Manifold Assault
  2787 | D:4      | Found a staircase to the Ecumenical Temple.
  2793 | Temple   | Entered the Ecumenical Temple
  2935 | D:4      | Reached XP level 6. HP: 63/63 MP: 9/9
  2945 | D:4      | Found a runed translucent gate.
  2945 | D:4      | Found a runed translucent gate.
  2945 | D:4      | Found an opulent altar of Gozag.
  2945 | D:4      | Found a runed translucent gate.
  2947 | D:4      | Noticed Likado's ghost (amateur GnSu)
  2947 | D:4      | Noticed a water moccasin
  3165 | D:4      | Reached * piety under Okawaru
  3166 | D:4      | Reached skill level 5 in Fighting
  3318 | D:4      | Reached XP level 7. HP: 37/72 MP: 10/10
  3556 | D:4      | Found a glowing silver altar of Zin.
  3697 | D:4      | Found a shadowy altar of Dithmenos.
  3762 | D:4      | Found an ancient bone altar of Kikubaaqudgha.
  3908 | D:5      | Entered Level 5 of the Dungeon
  4088 | D:5      | Noticed Ijyb
  4098 | D:5      | HP: 1/72 [+4 spectral club[Ijyb] (7)]
  4099 | D:5      | Slain by an ice beast

Illustrated notes

Levels and vault maps discovered:
D:1:      pf_arrival_petrified_forest, layout_rooms, minivault_19, minivault_26
D:2:      layout_basic
D:3:      cheibrodos_greedy_goblins, layout_loops_ring,
          mainiacjoe_overflow_catwalk,
          nicolae_gozag_cash_rules_everything_around_me, serial_glass,
          glass_columns_a, glass_columns_a
D:4:      layout_rooms, mainiacjoe_overflow_alcove_4,
          mainiacjoe_overflow_surrounded_room, zin_statuary,
          minmay_temple_entry_hall, ebering_ghost_gozag, grunt_ministairs_11
D:5:      layout_rooms, hellmonk_no_cap, uniq_edmund, uniq_ijyb
Temple:   jpeg_temple_alley_garden

Skill      XL: |  1  2  3  4  5  6 |
---------------+-------------------+-----
Fighting       | 3 4 5 |  5.3
Translocations | 3 4 |  4.2
Axes           | 1 2 3 4 |  4.4
Maces & Flails | |  2.8
Throwing       | |  1.0
Dodging        | |  2.1
Spellcasting   | |  2.5

Action                     |  1- 3 |  4- 6 |  7- 9 || total
---------------------------+-------+-------+-------++-------
  Melee: Mace              |    85 |       |       ||    85
         Headbutt          |    13 |    13 |     5 ||    31
         Hand axe          |    42 |    93 |    25 ||   160
         Punch             |       |     1 |     1 ||     2
    Use: Potion            |     1 |       |       ||     1
   Stab: Sleeping          |       |     1 |       ||     1
 Armour: Robe              |   101 |    74 |    26 ||   201
  Dodge: Dodged            |    88 |    48 |    11 ||   147

Table legend: (Time is in decaauts)
 A = Elapsed time spent in this place.
 B = Non-inter-level travel time spent in this place.
 C = Inter-level travel time spent in this place.
 D = Time resting spent in this place.
 E = Time spent auto-exploring this place.
 F = Levels seen in this place.
 G = Mean time per level.
                   A        B        C        D        E       F      G
               +--------+--------+--------+--------+--------+-----+--------+
         Total |   4142 |   3954 |    188 |    264 |   3054 |   6 |  690.3 |
       Dungeon |   4141 |   3953 |    188 |    264 |   3054 |   5 |  828.2 |
        Temple |      1 |      1 |      0 |      0 |      0 |   1 |    1.0 |
               +--------+--------+--------+--------+--------+-----+--------+

Top non-repeatable levels by time:
     D:4: 1361 daAuts
     D:3: 987 daAuts
     D:2: 876 daAuts
     D:1: 724 daAuts
     D:5: 191 daAuts
  Temple: 1 daAuts
